 Dungeon Crawl Stone Soup version 0.28.0-43-g3370ac3207 (webtiles) character file.

Game seed: 17367283950773864873

147 croobank the Firebug (level 5, -1/38 HPs)
             Began as a Draconian Fire Elementalist on Mar 5, 2022.
             Slain by a hornet (15 damage)
             ... while paralysed by a hornet
             ... on level 4 of the Dungeon.
             The game lasted 00:09:50 (3329 turns).

croobank the Firebug (Draconian Fire Elementalist)  Turns: 3329, Time: 00:09:50

Health: -1/38      AC:  6    Str: 10    XL:     5   Next: 7%
Magic:  1/9        EV:  2    Int: 17    God:
Gold:   166        SH:  0    Dex: 12    Spells: 2/9 levels left

rFire   . . .      SeeInvis .   b - +0 short sword
rCold   . . .      Faith    .   (no shield)
rNeg    + . .      Spirit   .   (armour unavailable)
rPois   .          Reflect  .   (helmet restricted)
rElec   .          Harm     .   (no cloak)
rCorr   .          Rampage  .   (no gloves)
Will    .....                   q - +0 pair of boots
Stlth   ++........              (no amulet)
HPRegen 0.12/turn               d - ring of positive energy
MPRegen 0.11/turn               (no ring)

@: paralysed, lethally poisoned (-1 -> -6), slowed
A: AC +5, unfitting armour, cold-blooded
a: no special abilities


You were on level 4 of the Dungeon.
You visited 1 branch of the dungeon, and saw 4 of its levels.

You collected 166 gold pieces.

Inventory:

Hand Weapons
 b - a +0 short sword (weapon)
 r - a +0 battleaxe
Missiles
 c - 14 arrows
 h - 117 stones
 i - 21 sling bullets
 m - 53 bolts
 o - 6 javelins
Armour
 q - a +0 pair of boots (worn)
Jewellery
 d - a ring of positive energy (left hand)
Scrolls
 e - a scroll of fog
 k - 2 scrolls of teleportation
Potions
 g - a potion of brilliance {unknown}
 l - a potion of curing {unknown}
 n - a potion of flight {unknown}
 p - a potion of magic {unknown}


   Skills:
 + Level 2.6 Dodging
 + Level 2.7 Stealth
 + Level 2.7 Spellcasting
 + Level 2.3 Conjurations
 + Level 3.7 Fire Magic


You had 2 spell levels left.
You knew the following spells:

 Your Spells              Type           Power      Damage    Failure   Level
a - Foxfire               Conj/Fire      48%        2x1d6     5%          1
b - Scorch                Fire           28%        2d6       6%          2
c - Flame Wave            Conj/Fire      12%        2d6       45%         4

Your spell library contained the following spells:

 Spells                   Type           Power      Damage    Failure   Level
 Ensorcelled Hibernation  Hex/Ice        4%         N/A       26%         2
 Passwall                 Tmut/Erth      1%         N/A       26%         2
 Conjure Flame            Conj/Fire      12%        6-21      16%         3
 Inner Flame              Hex/Fire       8%         N/A       26%         3
 Swiftness                Air            2%         N/A       47%         3
 Dispersal                Tloc           1%         N/A       100%        6
 Disjunction              Tloc           1%         N/A       100%        8


Dungeon Overview and Level Annotations

Branches:
Dungeon (4/15)
 Temple: D:4-7

Altars:
Fedhas


Innate Abilities, Weirdness & Mutations

Your plain brown scales are hard. (AC +5)
You cannot fit into any form of body armour.
You are cold-blooded and may be slowed by cold attacks.


Message History

Confirm with . or Enter, or press ? or * to list all spells.
You conjure some foxfire!
Casting: Foxfire (safe; 5% risk of failure)
Confirm with . or Enter, or press ? or * to list all spells.
Flames lash the hornet.
The hornet is lightly wounded.
The hornet's fire resistance burns away.
Casting: Scorch (safe; 6% risk of failure)
Confirm with . or Enter, or press ? or * to list all spells.
Flames lash the hornet.
The hornet is burned terribly!
The hornet is moderately wounded.
The foxfire hits the hornet but does no damage.
The hornet is moderately wounded.
Casting: Scorch (safe; 6% risk of failure)
Confirm with . or Enter, or press ? or * to list all spells.
Flames lash the hornet.
The hornet is burned terribly!
The hornet is heavily wounded.
The hornet stings you but does no damage.
The hornet stings you!
You feel yourself slow down.
Casting: Scorch (safe; 6% risk of failure)
Confirm with . or Enter, or press ? or * to list all spells.
Flames lash the hornet but do no damage.
You feel yourself speed up. The hornet completely misses you.
The hornet stings you.
You feel yourself slow down.
Casting: Scorch (safe; 6% risk of failure)
Confirm with . or Enter, or press ? or * to list all spells.
You don't have enough magic to cast this spell.
You aren't carrying any items that you can evoke.
Okay, then.
It was a potion of heal wounds.
You feel much better.
You feel yourself speed up. The hornet barely misses you.
The hornet stings you.
You are poisoned.
You suddenly lose the ability to move!
The hornet stings you.
You feel yourself slow down.
You feel sick. The hornet stings you!
You feel as though you will be slow longer.
You feel sick. The hornet stings you!
You die...

#..# #... ##..######
.....)...####
##..###....# #....#..#.#
#.......#.#
######...#..#.#
.......@.#..#.##########
########y##.#........!<#
#v....############
#..#### #..# #..# #..#
...# .#..#


You could see a hornet (combustible).

Vanquished Creatures
  Terence (D:2)
  Robin (D:2)
  4 adders
  2 worms
  2 dart slugs (D:2)
  An orc (D:3)
  5 bats
  An endoplasm (D:1)
  14 goblins
  7 hobgoblins
  2 jackals (D:1)
  4 quokkas
  3 ball pythons
  2 frilled lizards
  7 kobolds
  8 rats
64 creatures vanquished.

Vanquished Creatures (others)
  107 foxfires
107 creatures vanquished.

Grand Total: 171 creatures vanquished

Notes
Turn   | Place    | Note
-------+----------+-------------------------------------------
     0 | D:1      | croobank the Draconian Fire Elementalist began the quest
                  | for the Orb.
     0 | D:1      | Reached XP level 1. HP: 14/14 MP: 3/3
   460 | D:1      | Reached XP level 2. HP: 20/20 MP: 3/5
   797 | D:1      | Learned a level 2 spell: Scorch
  1044 | D:2      | Reached XP level 3. HP: 26/26 MP: 0/6
  1132 | D:2      | Noticed Robin
  1177 | D:2      | Killed Robin
  1418 | D:2      | Reached XP level 4. HP: 33/33 MP: 5/7
  1838 | D:2      | Found a blossoming altar of Fedhas.
  1911 | D:2      | Found a faded altar of an unknown god.
  2123 | D:2      | Noticed Terence
  2134 | D:2      | Killed Terence
  2613 | D:3      | Learned a level 4 spell: Flame Wave
  2893 | D:3      | Reached XP level 5. HP: 36/38 MP: 1/9
  3317 | D:4      | Noticed a hornet
  3327 | D:4      | Paralysed by a hornet for 3 turns
  3329 | D:4      | Slain by a hornet

Illustrated notes

Levels and vault maps discovered:
D:1:      dpeg_arrival_castle, layout_basic
D:2:      layout_loops_cross, basic_altar, ebering_ecumenical_altar_hall,
          uniq_terence, uniq_robin
D:3:      layout_loops_cross
D:4:      layout_basic, minmay_temple_entry_gardened_gates, serial_shops,
          nicolae_shop_competitors_out_of_business, hex_intersection,
          small_statue_alley_b, uniq_crazy_yiuf_cottage

Skill      XL: |  1  2  3  4 |
---------------+-------------+-----
Stealth        | 2 |  2.7
Dodging        | 2 |  2.6
Conjurations   | 2 |  2.3
Spellcasting   | |  2.7
Fire Magic     | |  3.7

Action                   |  1- 3 |  4- 6 || total
-------------------------+-------+-------++-------
Melee: Short sword       |    26 |    11 ||    37
       Tailslap          |     5 |     3 ||     8
       Unarmed           |     1 |       ||     1
 Cast: Foxfire           |    36 |    31 ||    67
       Scorch            |     3 |    23 ||    26
  Use: Scroll            |       |     6 ||     6
       Potion            |       |     1 ||     1
Armor: Skin              |    14 |     1 ||    15
Dodge: Dodged            |    17 |    11 ||    28
